 Dungeon Crawl Stone Soup version 0.27-a0-91-g4f573a835d (webtiles) character file.

Game seed: 3533045828798354813

684986 Essalna the Slayer (level 27, -3/169 HPs)
             Began as a Gargoyle Earth Elementalist on Jan 14, 2021.
             Was the Champion of Vehumet.
             Killed from afar by a lich (7 damage)
             ... with a bolt of acid
             ... on level 1 of the Abyss on Jan 15, 2021.
             The game lasted 05:37:01 (95439 turns).

Essalna the Slayer (Gargoyle Earth Elementalist)   Turns: 95439, Time: 05:37:02

Health: -3/169     AC: 30    Str:  9 (14) XL:     27
Magic:  15/38      EV: 11    Int: 12 (25) God:    Vehumet [******]
Gold:   8335       SH: 30    Dex:  7 (13) Spells: 13/67 levels left

rFire    + . .     SeeInvis .   a - staff of fire
rCold    + + .     Faith    .   U - +18 shield of the Gong {rElec rN+ Will+ EV-5}
rNeg     + + .     Spirit   .   s - +1 robe of Wickoufepa {rElec Will++}
rPois    ∞         Reflect  .   D - +2 hat
rElec    +         Harm     .   M - scarf {rC+ rF+}
rCorr    +         Rampage  .   I - +2 pair of gloves
Will     +++++     Rnd*Rage +   g - +0 pair of boots of Contentment {rF- rC+ Regen+ Dex+3}
Stlth    ++........             b - amulet "Bolase" {Inacc Will+ Int+2}
HPRegen  0.78/turn              v - ring of resist corrosion
MPRegen  0.26/turn              S - ring of willpower

@: flying
A: big wings, [berserk 1], [blurry vision 2], deterioration 2, dopey 1, frail 1,
low mp 1[+1], negative energy resistance 1, [screaming 3], electricity
resistance, weak 1, unbreathing, petrification resistance, miasma immunity, AC
+20
}: 4/15 runes: barnacled, slimy, silver, gossamer
a: Stop Flying, Renounce Religion


You were on level 1 of the Abyss.
You worshipped Vehumet.
Vehumet was exalted by your worship.
You visited 11 branches of the dungeon, and saw 53 of its levels.
You visited the Abyss 4 times.
You also visited: Bailey and Volcano.

You collected 10435 gold pieces.
You spent 2100 gold pieces at shops.

Inventory:

Hand Weapons
 f - the +7 flail of Inference {drain, rC++ Int+6}
   (You found it on level 1 of the Lair of Beasts)

   A truly terrible weapon, it drains the life of those it strikes.
   It affects your intelligence (+6).
   It greatly protects you from cold.
Missiles
 B - 447 stones
Armour
 g - the +0 pair of boots of Contentment (worn) {rF- rC+ Regen+ Dex+3}
   (You found it on level 15 of the Dungeon)

   It affects your dexterity (+3).
   It makes you vulnerable to fire.
   It protects you from cold.
   It increases your rate of regeneration.
 s - the +1 robe of Wickoufepa (worn) {rElec Will++}
   (You found it on level 2 of the Depths)

   It insulates you from electricity.
   It affects your willpower, your defense against some magical effects.
 D - a +2 hat (worn)
 I - a +2 pair of gloves (worn)
 M - a scarf of resistance (worn)
 N - a +2 robe of willpower
 U - the +18 shield of the Gong (worn) {rElec rN+ Will+ EV-5}
   (You found it on level 13 of the Dungeon)

   It affects your evasion (-5).
   It insulates you from electricity.
   It protects you from negative energy.
   It affects your willpower, your defense against some magical effects.
 V - a +2 robe of the Archmagi
 Y - a +2 robe of fire resistance
Magical Staves
 a - an uncursed staff of fire (weapon)
 P - an uncursed staff of earth
Jewellery
 b - the amulet "Bolase" (around neck) {Inacc Will+ Int+2}
   (You found it on level 3 of the Elven Halls)

   [amulet of inaccuracy]

   It reduces the accuracy of all your attacks.
   It affects your intelligence (+2).
   It affects your willpower, your defense against some magical effects.
 j - an uncursed ring of protection from fire
 m - an uncursed ring of willpower
 q - an uncursed ring of positive energy
 r - an uncursed ring of fire
 v - a ring of resist corrosion (left hand)
 E - a +6 ring of intelligence
 J - an uncursed ring of protection from cold
 R - an uncursed ring of wizardry
 S - a ring of willpower (right hand)
Scrolls
 c - 12 scrolls of magic mapping
 h - 4 scrolls of holy word
 i - 11 scrolls of enchant weapon
 l - 8 scrolls of fear
 o - 5 scrolls of enchant armour
 t - 7 scrolls of blinking
 u - 10 scrolls of fog
 w - 13 scrolls of amnesia
 y - 2 scrolls of summoning
 A - 21 scrolls of remove curse
 Q - 4 scrolls of vulnerability
 W - a scroll of brand weapon
 Z - 17 scrolls of identify
Potions
 e - 10 potions of might
 k - 4 potions of heal wounds
 n - 9 potions of berserk rage
 p - 7 potions of brilliance
 z - 20 potions of curing
 C - a potion of invisibility
 G - 5 potions of ambrosia
 L - 2 potions of cancellation
 O - 7 potions of haste
 T - 3 potions of resistance


   Skills:
 + Level 23.2 Fighting
 - Level 4.0 Armour
 - Level 12.0 Dodging
 - Level 2.1 Stealth
 - Level 15.0 Shields
 + Level 20.6 Spellcasting
 - Level 12.0 Conjurations
 + Level 11.0 Necromancy
 + Level 9.4 Transmutations
 + Level 20.8 Fire Magic
 + Level 12.8 Ice Magic
 - Level 21.1 Earth Magic


You had 13 spell levels left.
You knew the following spells:

 Your Spells              Type           Power        Failure   Level
a - Sandblast             Erth           100%         0%          1
b - Stone Arrow           Conj/Erth      100%         0%          3
c - Lee's Rapid Deconstr  Erth           29%          0%          5
d - Fireball              Conj/Fire      33%          1%          5
e - Iron Shot             Conj/Erth      25%          1%          6
f - Ignition              Fire           38%          1%          8
g - Shatter               Erth           29%          17%         9
h - Absolute Zero         Ice            21%          99%         9
i - Necromutation         Tmut/Necr      18%          99%         8

Your spell library contained the following spells:

 Spells                   Type           Power        Failure   Level
 Chain Lightning          Conj/Air       13%          99%         8
 Foxfire                  Conj/Fire      100%         0%          1
 Freeze                   Ice            100%         0%          1
 Passwall                 Tmut/Erth      40%          0%          2
 Conjure Flame            Conj/Fire      67%          0%          3
 Animate Skeleton         Necr           76%          1%          1
 Beastly Appendage        Tmut           68%          1%          1
 Magic Dart               Conj           100%         1%          1
 Pain                     Necr           100%         1%          1
 Shock                    Conj/Air       100%         1%          1
 Corpse Rot               Necr/Air       N/A          1%          2
 Ensorcelled Hibernation  Hex/Ice        54%          1%          2
 Searing Ray              Conj           82%          1%          2
 Wereblood                Tmut           34%          1%          2
 Dazzling Flash           Conj/Hex       52%          1%          3
 Frozen Ramparts          Ice            86%          1%          3
 Inner Flame              Hex/Fire       54%          1%          3
 Mephitic Cloud           Conj/Pois/Air  22%          1%          3
 Ozocubu's Armour         Ice            43%          1%          3
 Spider Form              Tmut/Pois      11%          1%          3
 Static Discharge         Conj/Air       26%          1%          3
 Vampiric Draining        Necr           19%          1%          3
 Animate Dead             Necr           19%          1%          4
 Dispel Undead            Necr           38%          1%          4
 Fulminant Prism          Conj/Hex       13%          1%          4
 Hailstorm                Conj/Ice       42%          1%          4
 Ice Form                 Ice/Tmut       39%          1%          4
 Iskenderun's Mystic Bla  Conj/Tloc      26%          1%          4
 Petrify                  Tmut/Erth      49%          1%          4
 Sticky Flame             Conj/Fire      67%          1%          4
 Agony                    Necr           38%          1%          5
 Borgnjor's Vile Clutch   Necr/Erth      25%          1%          5
 Excruciating Wounds      Necr           19%          1%          5
 Irradiate                Conj/Tmut      19%          1%          5
 Blade Hands              Tmut           17%          2%          5
 Lightning Bolt           Conj/Air       13%          2%          5
 Summon Ice Beast         Ice/Summ       27%          3%          4
 Apportation              Tloc           24%          4%          1
 Corona                   Hex            13%          4%          1
 Yara's Violent Unravell  Hex/Tmut       11%          4%          5
 Simulacrum               Ice/Necr       20%          4%          6
 Freezing Cloud           Conj/Ice/Air   16%          5%          6
 Blink                    Tloc           N/A          6%          2
 Call Imp                 Summ           12%          6%          2
 Poisonous Vapours        Pois/Air       24%          6%          2
 Slow                     Hex            12%          6%          2
 Swiftness                Air            12%          6%          2
 Death Channel            Necr           19%          7%          6
 Lehudib's Crystal Spear  Conj/Erth      25%          8%          8
 Metabolic Englaciation   Hex/Ice        13%          9%          5
 Airstrike                Air            6%           11%         4
 Confusing Touch          Hex            12%          12%         3
 Gell's Gravitas          Tloc           6%           12%         3
 Lesser Beckoning         Tloc           6%           12%         3
 Portal Projectile        Hex/Tloc       24%          12%         3
 Teleport Other           Tloc           12%          12%         3
 Tukima's Dance           Hex            12%          12%         3
 Conjure Ball Lightning   Conj/Air       13%          13%         6
 Hydra Form               Tmut           17%          13%         6
 Alistair's Intoxication  Tmut/Pois      15%          16%         5
 Cause Fear               Hex            6%           38%         4
 Passage of Golubria      Tloc           N/A          38%         4
 Summon Lightning Spire   Summ/Air       12%          38%         4
 Dragon Form              Tmut           17%          58%         7
 Fire Storm               Conj/Fire      33%          73%         9
 Silence                  Hex/Air        6%           75%         5
 Summon Mana Viper        Hex/Summ       12%          75%         5
 Borgnjor's Revivificati  Necr           19%          96%         8
 Infestation              Necr           19%          96%         8
 Haunt                    Necr/Summ      12%          98%         7
 Dispersal                Tloc           6%           99%         6
 Invisibility             Hex            12%          99%         6
 Shadow Creatures         Summ           N/A          99%         6
 Disjunction              Tloc           6%           100%        8
 Death's Door             Necr           19%          100%        9
 Tornado                  Air            6%           100%        9
 Sublimation of Blood     Necr           Unusable     N/A         2
 Statue Form              Tmut/Erth      Unusable     N/A         6

Dungeon Overview and Level Annotations

Branches:
Dungeon (15/15)            Temple (1/1) D:5            Lair (6/6) D:8
 Shoals (4/4) Lair:2       Spider (4/4) Lair:3        Slime (5/5) Lair:5
    Orc (2/2) D:10            Elf (3/3) Orc:2        Vaults (5/5) D:14
  Crypt (3/3) Vaults:2       Tomb (0/3) Crypt:3      Depths (5/5) D:15
    Zot (0/5) Depths:5     Bailey (visited)         Volcano (visited)

Altars:
Ashenzari
Cheibriados
Dithmenos
Elyvilon
Fedhas
Gozag
Hepliaklqana
Kikubaaqudgha
Makhleb
Nemelex Xobeh
Okawaru
Qazlal
Ru
Sif Muna
Trog
Uskayaw
Vehumet
Wu Jian
Xom
Yredelemnul
Zin
The Shining One
Jiyva
Lugonu

Shops:
D:7 *!   D:13 [   Orc:1 [*   Orc:2 (}??   Elf:2 *   Elf:3 [   Shoals:3 =
Vaults:4 ?   Vaults:5 [?!}}

Portals:
Hell: Depths:1 Depths:2 Depths:3 Depths:4 Depths:5
Abyss: Depths:1 Depths:3 Depths:4
Pandemonium: Depths:1 Depths:3
Ziggurat: Depths:1

Annotations:
D:6 3 runed translucent doors, anet's ghost, novice DECj
D:15 1 runed translucent door, confidenceinterval's ghost, adept HOFi
Lair:2 exclusion: oklob plant
Lair:6 Rupert
Vaults:1 Donald


Innate Abilities, Weirdness & Mutations

You are resistant to torment.
Your stone body is resilient. (AC +20)
You are immune to poison.
Your large and strong wings let you fly indefinitely.
You resist negative energy. (rN+)
You are resistant to electric shocks. (rElec)
You can survive without breathing.
You are immune to petrification.
You are immune to miasma.
Your body often deteriorates upon taking damage.
You are dopey. (Int -2)
You are frail. (-10% HP)
You are weak. (Str -2)
[You tend to lose your temper in combat.]
[Scrolls take you longer to read.]
[Your magical capacity is very low. (-20% MP)]
[You frequently scream uncontrollably at your foes.]


Message History

A stone wall.
The wall shatters!
The blast of rock fragments hits the lich but does no damage.
The lich is severely damaged.
The lich points at you and mumbles some strange words.
The crystal spear hits you!!!
* * * LOW HITPOINT WARNING * * *
You block the lich's attack.
PANG!
Casting: Lee's Rapid Deconstruction (safe; 0% risk of failure)
Confirm with . or Enter, or press ? or * to list all spells.
Aiming: Lee's Rapid Deconstruction (safe; 0% risk of failure)
Press: ? - help, Dir - move target A stone wall.
The wall shatters!
The blast of rock fragments hits the lich.
The lich is almost destroyed.
The lich casts a spell at you. The bolt of acid hits you! You resist.
You die...

#. #
.#.##
.....#
# .#.##
# #...
#... ..
# ..#
#. ##L#
.# #.@#
..
.#.)###
# #.. #
#.#.##
...#
..# ##
#... ##
#.#. .


You could see a lich (fast).

Vanquished Creatures
  the Royal Jelly (Slime:5)
  5 ancient liches
  Mara (Crypt:2)
  A juggernaut (Depths:5)
  Boris (twice) (Vaults:4 Depths:2)
  A caustic shrike (Depths:3)
  Xtahua (Crypt:1)
  Margery (Vaults:3)
  Nikola (Depths:2)
  4 golden dragons
  A profane servitor (Abyss:1)
  7 tentacled monstrosities
  A shard shrike zombie (Crypt:1)
  2 deep elf blademasters (Elf:3)
  3 quicksilver dragons
  Asterion (Depths:3)
  3 titans
  2 deep elf master archers (Elf:3)
  8 liches
  40 acid blobs
  Agnes (Elf:1)
  Frances (D:12)
  8 sphinxes
  Gastronok (D:12)
  A tentacled starspawn (Abyss:1)
  2 ancient champions
  3 storm dragons
  11 shadow dragons
  8 tengu reavers
  15 azure jellies
  4 revenants
  Ilsuiw (Shoals:3)
  A daeva (Depths:1)
  18 fire giants
  5 ghost moths
  8 deep elf sorcerers
  5 iron dragons
  2 orc warlords
  16 vault wardens
  The ghost of confidenceinterval the Bludgeoner, an adept GrFi of Gozag (D:14)
  2 balrugs (Depths:3)
  A draconian scorcher (Depths:5)
  11 frost giants
  Aizul (Lair:3)
  13 ghouls
  6 deep elf elementalists
  A caustic shrike zombie (Depths:4)
  A juggernaut zombie (Crypt:1)
  10 emperor scorpions
  2 angels (Depths:1)
  A draconian stormcaller (Depths:5)
  17 ironheart preservers
  17 very ugly things
  A reaper (Crypt:2)
  A curse skull (Crypt:3)
  7 war gargoyles
  10 deep elf demonologists
  18 deep elf annihilators
  18 vampire knights
  3 green draconians (Depths:5)
  27 stone giants
  A dire elephant (Lair:6)
  4 entropy weavers
  2 red draconians
  A minotaur (shapeshifter) (Depths:5)
  A yellow draconian (Depths:5)
  8 merfolk javelineers
  7 spark wasps
  10 deep elf death magi
  10 ettins
  An eidolon (Crypt:3)
  12 death oozes
  An eleionoma (shapeshifter) (Vaults:5)
  8 fire dragons
  14 merfolk impalers
  19 great orbs of eyes
  13 yaktaur captains
  7 jiangshi
  A crystal guardian (Vaults:4)
  Fannar (D:11)
  9 deep elf high priests
  37 vault guards
  11 ice dragons
  A spectral tengu (Depths:4)
  7 hydras
  Erolcha (D:10)
  4 boulder beetles
  9 rakshasas
  2 quicksilver dragon skeletons (Crypt:3)
  3 spriggan air magi
  5 merfolk aquamancers
  Erica (D:8)
  11 centaur warriors
  5 death knights
  3 death yaks (Lair:6)
  3 merfolk avatars (Shoals:4)
  14 ogre magi
  7 deep troll shamans
  5 satyrs
  52 two-headed ogres
  25 dancing weapons
  4 tengu warriors
  A thrashing horror (Abyss:1)
  10 deep troll earth magi
  10 vampire magi
  An orc high priest (Orc:2)
  7 spriggan berserkers
  A titan skeleton (Crypt:2)
  20 deep elf knights
  Sonja (D:11)
  2 sun demons (Depths:3)
  4 soul eaters
  12 hell knights
  4 spriggans
  3 unseen horrors
  A storm dragon skeleton (Crypt:3)
  4 glowing orange brains
  A death drake (shapeshifter) (Vaults:5)
  38 deep trolls
  A fire crab (shapeshifter) (Depths:1)
  11 skeletal warriors
  4 salamander mystics
  12 flayed ghosts
  5 iron trolls
  8 shadow wraiths
  A spriggan druid (Elf:3)
  11 sea snakes
  23 deep elf archers
  2 starcursed masses (Abyss:1)
  An unseen horror (shapeshifter) (Vaults:1)
  3 wizards
  3 bog bodies
  An orange crystal statue (Elf:2)
  A golden dragon skeleton (Crypt:3)
  14 phantasmal warriors
  14 orc knights
  A sphinx zombie (Depths:4)
  3 lindwurms
  2 wolf spider zombies (D:15)
  75 deep elf magi
  11 necromancers
  35 harpies
  8 shining eyes
  A large abomination (Abyss:1)
  An iron dragon zombie (Depths:4)
  A frost giant zombie (Depths:1)
  A fire giant zombie (Depths:1)
  49 wolf spiders
  14 ironbrand convokers
  29 orb spiders
  41 ugly things
  25 cyclopes
  A moth of wrath (Spider:4)
  6 orc sorcerers
  11 fauns
  A shadow dragon skeleton (Crypt:3)
  16 elephants
  A worldbinder (Abyss:1)
  9 manticores
  A stone giant zombie (Depths:1)
  13 salamanders
  A sphinx skeleton (Depths:4)
  An iron dragon skeleton (Crypt:1)
  9 merfolk sirens
  9 vault sentinels
  5 eyes of devastation
  A naga mage (D:15)
  3 smoke demons
  An apocalypse crab (Abyss:2)
  7 fire giant skeletons
  2 molten gargoyles (Volcano)
  3 centaur zombies
  A frost giant skeleton (Depths:1)
  A guardian serpent (shapeshifter) (Vaults:1)
  3 water nymphs
  6 black mambas
  5 gargoyles
  18 cane toads
  An ice statue (D:13)
  4 torpor snails
  Psyche (D:8)
  An orange demon (Abyss:1)
  A red draconian zombie (Crypt:1)
  8 komodo dragons
  15 demonic crawlers
  8 freezing wraiths
  2 rime drakes (Lair:6)
  60 yaktaurs
  An efreet (Abyss:1)
  A purple draconian skeleton (Crypt:1)
  5 guardian mummies
  An ancient zyme (Abyss:1)
  An ice devil (D:13)
  A red devil (Depths:4)
  2 tengu conjurers (Depths:2)
  8 trolls
  A white draconian skeleton (Crypt:1)
  2 queen bees (shapeshifter)
  A troll (shapeshifter) (Depths:1)
  41 merfolk
  9 hornets
  A meliai (shapeshifter) (Depths:1)
  A tyrant leech (shapeshifter) (Depths:2)
  29 jumping spiders
  3 polar bears
  A hydra zombie (Crypt:2)
  A hornet (shapeshifter) (Vaults:2)
  5 wind drakes
  3 meliai (D:13)
  A sphinx simulacrum (Depths:1)
  A dream sheep (shapeshifter) (Vaults:5)
  161 slime creatures
  10 snapping turtles
  12 blink frogs
  A blink frog (shapeshifter) (Vaults:2)
  16 dream sheep
  An elf zombie (Depths:4)
  A satyr zombie (Crypt:2)
  An ettin zombie (Crypt:2)
  12 fire dragon skeletons
  127 redbacks
  Sigmund (D:6)
  6 flying skulls (Crypt:1)
  4 shadows
  41 tarantellas
  12 water elementals
  A vampire (D:14)
  19 wraiths
  A ynoxinul (Abyss:1)
  A yak (shapeshifter) (Vaults:2)
  A spriggan (shapeshifter) (Vaults:5)
  5 air elementals
  A tarantella (shapeshifter) (Depths:2)
  A basilisk (shapeshifter) (Depths:5)
  A human (shapeshifter) (Vaults:3)
  8 golden eyes
  9 wyverns
  A chaos spawn (Depths:3)
  A vampire mosquito (D:14)
  2 fire bats (Volcano)
  114 yaks
  2 fire elementals
  9 basilisks
  Menkaure (D:6)
  A neqoxec (Abyss:1)
  A warg (Orc:1)
  A tengu zombie (Depths:1)
  2 swamp worms (shapeshifter)
  5 acid dragons
  16 water moccasins
  A floating eye (shapeshifter) (Vaults:5)
  A floating eye (Slime:5)
  A cane toad skeleton (Crypt:3)
  9 ice beasts
  38 orc warriors
  A swamp drake (D:8)
  2 phantoms
  6 sky beasts
  A tengu (shapeshifter) (Vaults:5)
  15 eyes of draining
  69 ogres
  7 necrophages
  7 wolves
  28 centaurs
  14 boggarts
  4 big kobolds
  A bullfrog (shapeshifter) (Vaults:4)
  A gnoll sergeant (D:7)
  21 bullfrogs
  A yaktaur skeleton (Depths:1)
  2 earth elementals
  4 small abominations
  4 scorpions
  A human simulacrum (Vaults:1)
  3 killer bees (D:13)
  A yak skeleton (Crypt:1)
  12 wights
  11 electric eels
  5 howler monkeys
  6 crimson imps
  4 bullfrog zombies
  6 lava snakes (Volcano)
  20 orc priests
  15 orc wizards
  7 hounds
  3 centaur skeletons
  5 bullfrog skeletons
  4 human skeletons (Crypt:1)
  2 iguanas
  2 hell rats (Lair:6)
  3 yak simulacra (Lair:2)
  5 polar bear simulacra (Lair:2)
  10 worker ants
  2 wolf simulacra (Lair:2)
  An acid dragon zombie (Crypt:1)
  2 hound zombies
  A hound skeleton (D:6)
  13 mummies
  20 gnolls
  6 river rats (Lair:6)
  A steam dragon zombie (Crypt:2)
  15 adders
  2 shadow imps
  6 white imps
  2 ufetubi
  An adder skeleton (D:4)
  4 worms
  A barachi zombie (Crypt:2)
  4 dart slugs
  4 leopard geckos
  75 orcs
  A bat skeleton (Crypt:2)
  10 giant cockroaches
  15 goblins
  18 hobgoblins
  2 jackals (D:5)
  5 quokkas
  2 ball pythons
  8 bats
  11 frilled lizards
  34 kobolds
  A quokka skeleton (D:6)
  A quokka zombie (D:5)
  7 rats
  A river rat simulacrum (Lair:2)
  5 crawling corpses (Vaults:5)
  A plant (Depths:2)
  2 starspawn tentacles (Abyss:1)
2851 creatures vanquished.

Vanquished Creatures (others)
  A deep elf archer (Elf:1)
  A deep elf mage (Vaults:1)
  A freezing wraith (Vaults:4)
  An orc (D:11)
  30 fungi
  152 plants
  21 withered plants (Crypt:3)
207 creatures vanquished.

Grand Total: 3058 creatures vanquished

Notes
Turn   | Place    | Note
-------+----------+-------------------------------------------
     0 | D:1      | Essalna the Gargoyle Earth Elementalist began the quest for
                  | the Orb.
     0 | D:1      | Reached XP level 1. HP: 10/10 MP: 3/3
   321 | D:1      | Reached skill level 1 in Transmutations
   321 | D:1      | Reached XP level 2. HP: 15/15 MP: 0/5
   565 | D:1      | Reached XP level 3. HP: 15/19 MP: 6/6
  1844 | D:2      | Reached XP level 4. HP: 22/24 MP: 8/8
  2862 | D:3      | Reached XP level 5. HP: 28/28 MP: 5/9
  3526 | D:4      | Noticed an ogre
  3534 | D:4      | Killed an ogre
  3535 | D:4      | Reached skill level 5 in Earth Magic
  3535 | D:4      | Reached XP level 6. HP: 30/32 MP: 5/11
  3621 | D:4      | Found a shimmering altar of Xom.
  3754 | D:4      | Reached XP level 7. HP: 35/36 MP: 8/13
  4635 | D:4      | Learned a level 3 spell: Stone Arrow
  4679 | D:5      | Entered Level 5 of the Dungeon
  4857 | D:5      | Found a staircase to the Ecumenical Temple.
  4869 | Temple   | Entered the Ecumenical Temple
  4930 | Temple   | Became a worshipper of Vehumet
  5222 | D:5      | Reached skill level 5 in Spellcasting
  5222 | D:5      | Reached XP level 8. HP: 41/41 MP: 10/15
  5384 | D:5      | Found a bloodstained altar of Trog.
  5384 | D:5      | Found a stormy altar of Qazlal.
  5385 | D:5      | Found an iron altar of Okawaru.
  5776 | D:6      | Found a runed translucent gate.
  5776 | D:6      | Found a runed translucent gate.
  5776 | D:6      | Found a runed translucent gate.
  5786 | D:6      | Found an opulent altar of Gozag.
  5787 | D:6      | Noticed anet's ghost (novice DECj)
  6379 | D:6      | Found a shadowy altar of Dithmenos.
  6410 | D:6      | Noticed Menkaure
  6413 | D:6      | Reached skill level 5 in Transmutations
  6417 | D:6      | Killed Menkaure
  6643 | D:6      | Noticed Sigmund
  6646 | D:6      | Reached * piety under Vehumet
  6646 | D:6      | Offered knowledge of Magic Dart by Vehumet.
  6649 | D:6      | Killed Sigmund
  6650 | D:6      | Reached XP level 9. HP: 45/45 MP: 11/18
  7317 | D:7      | Found Imurumnoa's Distillery.
  7327 | D:7      | Bought a potion of curing for 36 gold pieces
  7327 | D:7      | Bought a potion of attraction for 36 gold pieces
  8204 | D:7      | Found Ruhoh's Retail Resort.
  8467 | D:8      | Noticed Psyche
  8475 | D:8      | Killed Psyche
  8807 | D:8      | Reached skill level 10 in Earth Magic
  8937 | D:8      | Noticed a hornet
  8945 | D:8      | Killed a hornet
  8946 | D:8      | Reached XP level 10. HP: 38/50 MP: 14/21
  9806 | D:8      | Found a staircase to the Lair.
  9918 | D:8      | Noticed Erica
  9927 | D:8      | Killed Erica
  9928 | D:8      | Reached skill level 1 in Fighting
  9928 | D:8      | Reached skill level 1 in Armour
  9928 | D:8      | Reached skill level 1 in Shields
 10165 | D:8      | Learned a level 5 spell: Lee's Rapid Deconstruction
 10305 | D:8      | Offered knowledge of Foxfire by Vehumet.
 10422 | D:8      | Found a white marble altar of Elyvilon.
 10709 | D:8      | Reached ** piety under Vehumet
 11157 | D:9      | Reached skill level 2 in Fighting
 11160 | D:9      | Reached XP level 11. HP: 54/57 MP: 5/23
 12075 | D:10     | Entered Level 10 of the Dungeon
 12152 | D:10     | Found a flagged portal.
 12178 | Bailey   | Entered a bailey
 12222 | Bailey   | Offered knowledge of Inner Flame by Vehumet.
 12451 | Bailey   | Reached *** piety under Vehumet
 13040 | D:10     | Offered knowledge of Dazzling Flash by Vehumet.
 13724 | D:10     | Noticed a boulder beetle
 13998 | D:10     | Noticed Erolcha
 14011 | D:10     | Killed Erolcha
 14012 | D:10     | Reached skill level 3 in Fighting
 14589 | D:10     | Reached **** piety under Vehumet
 14876 | D:10     | Found a staircase to the Orcish Mines.
 14885 | Orc:1    | Entered Level 1 of the Orcish Mines
 14928 | Orc:1    | Noticed an orc sorcerer
 14934 | Orc:1    | Killed an orc sorcerer
 15106 | Orc:1    | Found Icwynwag's Assorted Antiques.
 15117 | Orc:1    | Bought a scroll labelled ABOCEO YLIULUSK for 22 gold pieces
 15140 | Orc:1    | Offered knowledge of Fireball by Vehumet.
 15374 | Orc:1    | Noticed an orc sorcerer
 15407 | D:10     | Learned a level 5 spell: Fireball
 15551 | Lair:1   | Entered Level 1 of the Lair of Beasts
 15975 | Lair:1   | Got a scorched flail
 15976 | Lair:1   | Identified the +7 flail of Inference {drain, rC++ Int+6}
                  | (You found it on level 1 of the Lair of Beasts)
 16029 | Lair:1   | Reached skill level 1 in Fire Magic
 16032 | Lair:1   | Reached skill level 4 in Fighting
 16324 | Lair:1   | Noticed a six-headed hydra
 16332 | Lair:1   | Killed a six-headed hydra
 16333 | Lair:1   | Reached XP level 12. HP: 67/67 MP: 6/25
 16461 | Lair:1   | Reached skill level 5 in Fighting
 17834 | Lair:2   | Reached skill level 5 in Dodging
 17849 | Lair:2   | Reached skill level 6 in Fighting
 18111 | Lair:2   | Found a staircase to the Shoals.
 18641 | Lair:2   | Reached skill level 10 in Spellcasting
 18822 | Lair:2   | Reached skill level 5 in Fire Magic
 18972 | Lair:2   | Reached ***** piety under Vehumet
 18972 | Lair:2   | Offered knowledge of Lightning Bolt by Vehumet.
 19195 | Lair:3   | Reached XP level 13. HP: 76/76 MP: 21/27
 19199 | Lair:3   | Reached skill level 7 in Fighting
 19244 | Lair:3   | Found a hole to the Spider Nest.
 19301 | Lair:3   | Found a dark tunnel.
 19309 | Volcano  | Entered a volcano
 19428 | Volcano  | Reached skill level 10 in Fighting
 19428 | Volcano  | Gained mutation: Your large and strong wings let you fly
                  | indefinitely. [Gargoyle growth]
 19428 | Volcano  | Reached XP level 14. HP: 88/88 MP: 28/28
 20006 | Volcano  | Found a bloodstained altar of Trog.
 20042 | Volcano  | Noticed a red draconian
 20066 | Volcano  | Killed a red draconian
 21678 | Lair:4   | Reached skill level 11 in Fighting
 23272 | Lair:5   | Found a viscous altar of Jiyva.
 23272 | Lair:5   | Found a staircase to the Slime Pits.
 24029 | Lair:6   | Entered Level 6 of the Lair of Beasts
 24037 | Lair:5   | Offered knowledge of Sticky Flame by Vehumet.
 24171 | Lair:6   | Noticed Rupert
 25295 | Lair:6   | Reached XP level 15. HP: 75/95 MP: 20/30
 26430 | Lair:6   | Reached skill level 12 in Fighting
 27517 | Orc:1    | Noticed an orc warlord
 27553 | Orc:1    | Killed an orc warlord
 27807 | Orc:2    | Entered Level 2 of the Orcish Mines
 28002 | Orc:2    | Offered knowledge of Iron Shot by Vehumet.
 28013 | Orc:2    | Learned a level 6 spell: Iron Shot
 28087 | Orc:2    | Found Zutuitou's Gadget Emporium.
 28087 | Orc:2    | Found Egeap's Magic Scroll Shop.
 28087 | Orc:2    | Found Xogetulick's Antique Weapon Boutique.
 28087 | Orc:2    | Found Tiutyl's Magic Scroll Emporium.
 28273 | Orc:1    | Reached skill level 15 in Earth Magic
 28383 | Orc:2    | Reached skill level 1 in Conjurations
 28527 | Orc:2    | Reached skill level 5 in Conjurations
 28696 | Orc:2    | Reached XP level 16. HP: 88/103 MP: 11/31
 29276 | Orc:2    | Found a staircase to the Elven Halls.
 29413 | Orc:1    | Found Xeczutut's Antique Armour Shop.
 29594 | Orc:1    | Bought a glowing scarf for 192 gold pieces
 29594 | Orc:1    | Bought a glowing cloak for 180 gold pieces
 29594 | Orc:1    | Bought an embroidered cloak for 180 gold pieces
 29594 | Orc:1    | Bought a glowing hat for 168 gold pieces
 29803 | Elf:1    | Entered Level 1 of the Elven Halls
 29848 | Elf:1    | Noticed Agnes
 30550 | Elf:1    | Offered knowledge of Eringya's Noxious Bog by Vehumet.
 30919 | Elf:1    | Killed Agnes
 31701 | Elf:1    | Reached skill level 10 in Conjurations
 32735 | Elf:2    | Upgraded the game from 0.27-a0-78-g75406f0b48 to
                  | 0.27-a0-91-g4f573a835d
 32848 | Elf:2    | Reached skill level 13 in Fighting
 33230 | Elf:2    | Found a runed translucent gate.
 33230 | Elf:2    | Found a runed translucent gate.
 33230 | Elf:2    | Found a runed translucent gate.
 33441 | Elf:2    | Found Tealalow's Assorted Antiques.
 33478 | Elf:2    | Reached XP level 17. HP: 108/108 MP: 25/33
 34048 | Elf:2    | Offered knowledge of Yara's Violent Unravelling by Vehumet.
 34226 | Elf:2    | Reached skill level 10 in Fire Magic
 35178 | Elf:3    | Entered Level 3 of the Elven Halls
 35481 | Elf:3    | Noticed a deep elf master archer
 35496 | Elf:3    | Killed a deep elf master archer
 36267 | Elf:3    | Noticed a deep elf master archer
 36270 | Elf:3    | Killed a deep elf master archer
 36313 | Elf:3    | Cast into level 2 of the Abyss (a deep elf demonologist)
 36437 | Elf:3    | Escaped the Abyss
 36612 | Elf:3    | Noticed a deep elf blademaster
 36624 | Elf:3    | Killed a deep elf blademaster
 36984 | Elf:3    | Reached XP level 18. HP: 97/116 MP: 6/34
 36989 | Elf:3    | Cast into level 3 of the Abyss (a deep elf sorcerer)
 37001 | Abyss:3  | Found a corrupted altar of Lugonu.
 37005 | Elf:3    | Escaped the Abyss
 37334 | Elf:3    | Reached skill level 14 in Fighting
 37530 | Elf:3    | Reached skill level 10 in Dodging
 38246 | Elf:3    | Got a faintly glowing ivory amulet
 38256 | Elf:3    | Identified the amulet "Bolase" {Inacc Will+ Int+2} (You
                  | found it on level 3 of the Elven Halls)
 38266 | Elf:3    | Identified the cursed +0 chain mail "Pischep" {*Drain Will+
                  | Int+2}
 38266 | Elf:3    | Noticed a deep elf blademaster
 38273 | Elf:3    | Killed a deep elf blademaster
 38406 | Elf:3    | Cast into level 2 of the Abyss (a deep elf demonologist)
 38410 | Elf:3    | Escaped the Abyss
 38412 | Elf:3    | Identified the +8 ring mail "Eneh" {*Corrode Will+ Int+3
                  | Dex+4}
 38426 | Elf:3    | Noticed a Hell Sentinel
 39046 | Elf:3    | Found Hitos's Antique Armour Emporium.
 39997 | D:11     | Noticed Fannar
 40001 | D:11     | Killed Fannar
 40552 | D:11     | Noticed Sonja
 40553 | D:11     | Killed Sonja
 40921 | D:12     | Noticed Frances
 41492 | D:12     | Reached ****** piety under Vehumet
 41662 | D:12     | Got a shimmering scimitar
 41709 | D:12     | Noticed Gastronok
 41716 | D:12     | Killed Gastronok
 41839 | D:12     | Killed Frances
 41991 | D:12     | Offered knowledge of Bolt of Magma by Vehumet.
 43454 | D:13     | Found the +18 shield of the Gong {rElec rN+ Will+ EV-5}
 43965 | D:13     | Got a coiled tin ring
 44043 | D:13     | Found Yhatej's Armour Shoppe.
 45167 | D:14     | Found a transporter.
 45173 | D:14     | Noticed confidenceinterval's ghost (adept GrFi)
 45174 | D:14     | Found a transporter.
 45420 | D:14     | Found a gate to the Vaults.
 45894 | D:14     | Identified the ring of Deolay {Str+6 Slay+2} (You found it
                  | on level 13 of the Dungeon)
 46072 | D:14     | Identified the +7 hand crossbow of Essalna's Destruction
                  | {speed, +Inv rElec rF+ Int-5 Stlth+}
 46379 | D:14     | Found a glowing silver altar of Zin.
 46401 | D:15     | Entered Level 15 of the Dungeon
 46612 | D:15     | Reached XP level 19. HP: 120/122 MP: 21/36
 46807 | D:15     | Got a pair of scorched boots
 46818 | D:15     | Identified the +0 pair of boots of Contentment {rF- rC+
                  | Regen+ Dex+3} (You found it on level 15 of the Dungeon)
 46913 | D:15     | Reached skill level 5 in Shields
 47089 | D:15     | Found a runed translucent door.
 47125 | D:15     | Offered knowledge of Ignition by Vehumet.
 47253 | D:15     | Learned a level 8 spell: Ignition
 47447 | D:15     | Found a staircase to the Depths.
 47624 | D:15     | Noticed confidenceinterval's ghost (adept HOFi)
 47746 | D:14     | Killed confidenceinterval's ghost
 48137 | Shoals:1 | Entered Level 1 of the Shoals
 48578 | Shoals:1 | Reached skill level 15 in Fighting
 50675 | Shoals:2 | Offered knowledge of Shatter by Vehumet.
 50675 | Shoals:2 | Offered knowledge of Chain Lightning by Vehumet.
 50675 | Shoals:2 | Offered knowledge of Absolute Zero by Vehumet.
 50686 | Shoals:2 | Learned a level 9 spell: Shatter
 51207 | Shoals:3 | Noticed Ilsuiw
 51213 | Shoals:3 | Killed Ilsuiw
 52153 | Shoals:3 | Found Hakli's Jewellery Boutique.
 52405 | Shoals:4 | Entered Level 4 of the Shoals
 52528 | Shoals:4 | Reached XP level 20. HP: 88/131 MP: 22/38
 53298 | Shoals:4 | Got a barnacled rune of Zot
 53465 | Shoals:4 | Reached skill level 16 in Fighting
 54436 | Spider:1 | Entered Level 1 of the Spider Nest
 54448 | Spider:1 | Noticed Aizul
 54464 | Lair:3   | Killed Aizul
 56247 | Spider:2 | Reached skill level 10 in Shields
 56247 | Spider:2 | Reached skill level 15 in Spellcasting
 57413 | Spider:3 | Reached XP level 21. HP: 137/137 MP: 40/40
 57815 | Vaults:1 | Entered Level 1 of the Vaults
 58278 | Vaults:1 | Noticed Donald
 58588 | Vaults:2 | Reached skill level 17 in Fighting
 59428 | Vaults:2 | Found a staircase to the Crypt.
 61335 | Vaults:1 | Got a scintillating bone amulet
 61336 | Vaults:1 | Identified the amulet "Xahiweig" {Spirit rPois} (You found
                  | it on level 1 of the Vaults)
 61617 | Vaults:3 | Reached XP level 22. HP: 145/145 MP: 30/41
 61769 | Vaults:3 | Reached skill level 15 in Fire Magic
 62974 | Vaults:3 | Noticed Margery
 62979 | Vaults:3 | Killed Margery
 62983 | Vaults:3 | Reached skill level 18 in Fighting
 63646 | Vaults:4 | Found Entuylubu's Magic Scroll Shop.
 63652 | Vaults:4 | Bought a scroll of acquirement for 1196 gold pieces
 63653 | Vaults:4 | Acquired an uncursed staff of earth
 64764 | Vaults:5 | Entered Level 5 of the Vaults
 64766 | Vaults:5 | Reached XP level 23. HP: 153/153 MP: 43/43
 65424 | Vaults:5 | Noticed Boris
 66609 | Vaults:5 | Reached skill level 19 in Fighting
 66826 | Vaults:5 | Noticed a golden dragon
 66837 | Vaults:5 | Killed a golden dragon
 66872 | Vaults:5 | Found Maabair's Armour Boutique.
 66977 | Vaults:5 | Reached XP level 24. HP: 138/160 MP: 33/44
 67411 | Vaults:5 | Found Nakada's Magic Scroll Boutique.
 67442 | Vaults:5 | Bought a scroll of teleportation for 45 gold pieces
 67442 | Vaults:5 | Bought a scroll of teleportation for 45 gold pieces
 67606 | Vaults:5 | Got a silver rune of Zot
 67735 | Vaults:5 | Found Baapsoz's Distillery.
 68335 | Vaults:5 | Found Ciuqotio's Gadget Boutique.
 68350 | Vaults:5 | Found Cux Ijaf's Gadget Emporium.
 68590 | Vaults:4 | Killed Boris
 68763 | Crypt:1  | Entered Level 1 of the Crypt
 68879 | Crypt:1  | Reached skill level 15 in Shields
 69346 | Crypt:1  | Noticed Xtahua
 69353 | Crypt:1  | Killed Xtahua
 69836 | Crypt:1  | Found an ancient bone altar of Kikubaaqudgha.
 71197 | Crypt:2  | Noticed Mara
 71281 | Crypt:2  | Killed Mara
 71282 | Crypt:2  | Reached XP level 25. HP: 168/168 MP: 21/44
 71543 | Crypt:2  | Got an ichor-stained hand crossbow
 71544 | Crypt:2  | Identified the +4 hand crossbow of Wesmow {vorpal, rF+
                  | Str+3} (You found it on level 2 of the Crypt)
 72199 | Crypt:3  | Entered Level 3 of the Crypt
 72293 | Crypt:3  | Reached skill level 20 in Fighting
 74030 | Crypt:3  | Noticed an ancient lich
 74292 | Crypt:3  | Killed an ancient lich
 74530 | Crypt:3  | Got a faintly humming ring mail
 74531 | Crypt:3  | Identified the +2 ring mail of the Ecumenical Temple
                  | {Dex+5} (You found it on level 3 of the Crypt)
 74673 | Crypt:3  | Noticed an ancient lich
 74679 | Crypt:3  | Killed an ancient lich
 74787 | Crypt:3  | Found a staircase to the Tomb.
 74794 | Crypt:3  | Noticed an ancient lich
 74800 | Crypt:3  | Killed an ancient lich
 74880 | Crypt:3  | Identified the Papyrus of Execration
 74995 | Crypt:3  | Learned a level 9 spell: Absolute Zero
 75004 | Crypt:3  | Learned a level 8 spell: Necromutation
 75419 | Depths:1 | Entered Level 1 of the Depths
 75569 | Depths:1 | Reached skill level 1 in Ice Magic
 75686 | Depths:1 | Reached skill level 1 in Necromancy
 75907 | Depths:1 | Found a one-way gate leading to the halls of Pandemonium.
 75932 | Depths:1 | Found a gateway to Hell.
 76210 | Depths:1 | Got a jewelled mace
 76378 | Depths:1 | Noticed an ancient lich
 76381 | Depths:1 | Killed an ancient lich
 76541 | Depths:1 | Found a corrupted altar of Lugonu.
 76541 | Depths:1 | Found a one-way gate to the infinite horrors of the Abyss.
 76835 | Depths:1 | Identified the Collected Works on Black Secrets
 76879 | Depths:1 | Found a gateway to a ziggurat.
 77706 | Depths:2 | Reached XP level 26. HP: 176/176 MP: 33/45
 77847 | Depths:2 | Noticed Boris
 77987 | Depths:2 | Killed Boris
 78405 | Depths:2 | Reached skill level 5 in Ice Magic
 78405 | Depths:2 | Noticed Nikola
 78410 | Depths:2 | Killed Nikola
 79588 | Depths:2 | Reached skill level 21 in Fighting
 79588 | Depths:2 | Reached skill level 5 in Necromancy
 80098 | Depths:2 | Got a thick robe
 80099 | Depths:2 | Identified the +1 robe of Wickoufepa {rElec Will++} (You
                  | found it on level 2 of the Depths)
 80218 | Depths:3 | Got a faintly glowing robe
 80369 | Depths:3 | Noticed Asterion
 80373 | Depths:3 | Killed Asterion
 81739 | Depths:3 | Reached XP level 27. HP: 163/182 MP: 31/46
 83740 | Depths:4 | Identified the +9 demon whip of True Grit {flame, Int+2}
 84151 | Depths:4 | Identified Fazor's Collected Works on Necromancy
 84348 | Depths:4 | Noticed an ancient lich
 84354 | Depths:4 | Killed an ancient lich
 84355 | Depths:4 | Reached skill level 22 in Fighting
 84542 | Depths:4 | Got a slimy lajatang
 84544 | Depths:4 | Identified the +1 robe of Komyas {rElec Int-5 Slay+6
                  | Stlth+} (You found it on level 3 of the Depths)
 84546 | Depths:4 | Identified the +8 lajatang "Jimnep" {spect, rC+} (You found
                  | it on level 4 of the Depths)
 84547 | Depths:4 | Identified the +7 mace of the Evil Eye {vorpal, Will-
                  | Dex+6} (You found it on level 1 of the Depths)
 84809 | Depths:5 | Entered Level 5 of the Depths
 84812 | Depths:5 | Reached skill level 10 in Ice Magic
 84880 | Depths:5 | Noticed a juggernaut
 84883 | Depths:5 | Killed a juggernaut
 85676 | Depths:5 | Found a gate to the Realm of Zot.
 86694 | Slime:1  | Entered Level 1 of the Pits of Slime
 87136 | Slime:2  | Gained mutation: [Your magical capacity is low. (-10% MP)]
                  | [a shining eye]
 88469 | Slime:4  | Gained mutation: You are weak. (Str -2) [a shining eye]
 89021 | Slime:5  | Entered Level 5 of the Pits of Slime
 89165 | Slime:5  | Gained mutation: You are frail. (-10% HP) [a shining eye]
 89167 | Slime:5  | Reached skill level 10 in Necromancy
 89463 | Slime:5  | Gained mutation: Your body sometimes deteriorates upon
                  | taking damage. [a shining eye]
 89468 | Slime:5  | Noticed the Royal Jelly
 89474 | Slime:5  | Killed the Royal Jelly
 89725 | Slime:5  | Identified the Catalogue of Feathers
 89755 | Slime:5  | Got a slimy rune of Zot
 89758 | Slime:5  | Got a faintly humming scale mail
 91508 | Spider:3 | Reached skill level 23 in Fighting
 92033 | Spider:4 | Entered Level 4 of the Spider Nest
 94341 | Spider:4 | Got a gossamer rune of Zot
 95113 | Depths:1 | Identified the cursed +1 scale mail of Fallacy {-Tele rC-
                  | Slay+6 SInv} (You found it on level 5 of the Pits of Slime)
 95120 | Depths:1 | Voluntarily entered the Abyss.
 95257 | Abyss:1  | Gained mutation: Your body often deteriorates upon taking
                  | damage. [a neqoxec]
 95284 | Abyss:1  | Gained mutation: You are dopey. (Int -2) [a neqoxec]
 95415 | Abyss:1  | HP: 4/131 [quicksilver dragon (3)]
 95438 | Abyss:1  | HP: 3/169 [lich/crystal spear (54)]
 95439 | Abyss:1  | Killed from afar by a lich

Illustrated notes

Levels and vault maps discovered:
D:1:      ncdulo_smallfort, layout_basic, hex_intersection
D:2:      minmay_chambers_of_twos, layout_loops_ring
D:3:      layout_basic
D:4:      layout_basic, led_xom_imps
D:5:      layout_basic, chequers_temple_overflow_statue_of_worship,
          minmay_temple_entry_poolview
D:6:      layout_cave_pods, grunt_dithmenos_shadows, ebering_ghost_gozag,
          uniq_sigmund, uniq_menkaure
D:7:      layout_basic, serial_shops, nicolae_shop_waterfront,
          kennysheep_path_1, nicolae_alphabet_shops
D:8:      layout_loops_ring, erik_lair_dragon, david_defended_altar_elf,
          uniq_psyche, uniq_erica
D:9:      layout_loops_corners
D:10:     layout_basic, hiddenorc1_lemuel, enter_bailey_4, serial_bayou_lake_a,
          uniq_erolcha
D:11:     layout_basic, uniq_sonja, uniq_fannar
D:12:     layout_layer_cave, billiards_dpeg, uniq_gastronok, uniq_frances
D:13:     layout_basic, serial_shops, shop_statue, ice2_lemuel
D:14:     layout_gridville, david_vaults_1, zin_angel, gammafunk_ghost_arena
D:15:     grunt_enter_depths_magical_seal, layout_long_grid,
          ebering_ghost_reflecting_pool, chequers_serial_rivers_room_a
Temple:   compressed_dpeg_circular_temple
Lair:1:   layout_concentric_octagons
Lair:2:   layout_cave_shapes, minmay_shoals_entry_hut, eino_house_with_fridge,
          grunt_megastairs_5
Lair:3:   layout_hall_layers, dummy_spider_entry,
          nicolae_volcano_entry_vermiform
Lair:4:   layout_cave_pods
Lair:5:   layout_roguey, dpeg_slime_entry_enclosed_altar
Lair:6:   hangedman_lair_in_review, layout_long_grid, kennysheep_rathole,
          uniq_rupert
Shoals:1: layout_shoals, nicolae_shoals_square_sea_wall
Shoals:2: layout_shoals, nicolae_shoals_cliffside_cave, st_shoals_ruin
Shoals:3: layout_shoals, minmay_shop_enchanted_jewellery, uniq_ilsuiw
Shoals:4: shoals_end_simple, layout_shoals, shoal_ilsuiw
Spider:1: mumra_spider_spiderweb, uniq_aizul
Spider:2: layout_spider_delve
Spider:3: layout_spider_delve, drop_trap, nicolae_spider_nook
Spider:4: grunt_spider_rune_circles, drop_trap
Slime:1:  layout_caves
Slime:2:  layout_caves
Slime:3:  layout_caves
Slime:4:  cheibrodos_slime_lost_civilization_10, layout_caves,
          nicolae_slime_round_cave
Slime:5
Orc:1:    layout_caves, serial_shops, nicolae_shop_statue_plus, shop
Orc:2:    st_orc_ogre_mass, layout_caves
Elf:1:    layout_loops_corners, hangedman_elf_disciples, chequers_big_river,
          uniq_agnes
Elf:2:    layout_loops_corners, serial_shops, shop, special_room
          [special_room_orc], minivault_25_ag, minivault_16
Elf:3:    nooodl_elf_gasket, layout_loops_cross, serial_shops,
          nicolae_shop_behind_doors, kilobyte_rumbling_trees
Vaults:1: ontoclasm_vaults_hangar, vaults_mumra_hexcomb, ontoclasm_vaults_eye,
          vaults_dpeg_cross, ontoclasm_vaults_shuriken, v_pattern_5, v_misc_24,
          nicolae_vaults_theta, vaults_room_fancy_cross,
          nicolae_vaults_little_squares_5, v_misc_26,
          nicolae_vaults_border_crossing, vaults_room_semicircle,
          nicolae_vaults_shelves_hall, layout_vaults_omnicross, uniq_donald
Vaults:2: v_misc_5, grunt_vaults_hallway_short, nicolae_vaults_little_squares_3,
          nicolae_vaults_puzzle_piece, ontoclasm_vaults_hangar,
          vaults_room_boxed, nicolae_vaults_little_squares_2, v_alt_pattern_6,
          v_alt_pattern_5, blue_anna_dwarven_crypt, st_cells,
          vaults_room_octagon, ontoclasm_vaults_ring_square, v_misc_24,
          layout_vaults_omnibox
Vaults:3: v_misc_18, grunt_vaults_hallway_short, v_misc_8,
          nicolae_vaults_yaktaur_gun_rack, vaults_dpeg_spiral,
          vaults_standard_mumra_x, ontoclasm_vaults_chip,
          hangedman_vaults_capsules, layout_vaults_maze, uniq_margery
Vaults:4: nicolae_vaults_alarming, v_misc_18, vaults_room_hallway,
          nicolae_vaults_rhombus_6, v_rooms_5, nicolae_vaults_little_squares_3,
          ontoclasm_vaults_hangar, grunt_vaults_focal, vaults_dpeg_encased_lava,
          vaults_room_door_ring, v_alt_pattern_1, v_misc_29,
          nicolae_vaults_mini_display_case, layout_vaults_ring, serial_shops,
          shop
Vaults:5: uniq_boris
Crypt:1:  layout_chaotic_city, basic_altar, grunt_crypt_arrival_guarded_gate,
          uniq_xtahua
Crypt:2:  layout_gridlike, uniq_mara
Crypt:3:  quadcrypt_mu
Depths:1: layout_gridlike, enter_ziggurat_c, hangedman_coc_ice_floe,
          abyss_entry_flame_altar, rand_demon_pan_entry_3, special_room
          [special_room_morgue], kennysheep_windowed_goal
Depths:2: nooodl_heptagram, layout_cave_pools, hell_entry, serial_bayou_pond_c,
          infiniplex_enter_wizlab_spiral, uniq_nikola
Depths:3: minmay_three_patterns, layout_gridlike, abyss_entry,
          minmay_misc_feat_tower, lightli_too_deep, rand_demon_pan_entry_1,
          infiniplex_staircase_zigzag_1, uniq_asterion
Depths:4: minmay_concentric_multi, layout_cave_shapes, hellmouth_1, abyss_entry,
          special_room [special_room_morgue], kennysheep_another_room
Depths:5: evilmike_zot_entry_round, layout_cave_shapes, skrybe_limestone_x,
          hell_entry
Abyss:1:  base: Depths:1, guppyfry_abyss_exit_glass_guarded

Skill      XL: |  1  2  3  4  5  6  7  8  9 10 11 12 13 14 15 16 17 18 19 20 21 22 23 24 25 26 27 |
---------------+----------------------------------------------------------------------------------+-----
Transmutations | 1 2 3 4 5 6 7 8 9 |  9.4
Earth Magic    | 4 5 6 7 8 10 11 12 13 14 15 16 17 18 19 20 21 | 21.1
Spellcasting   | 3 4 5 6 7 8 9 10 11 12 13 14 15 16 17 18 19 20 | 20.6
Fighting       | 2 4 6 10 11 12 13 14 15 16 17 18 19 20 21 23 | 23.2
Armour         | 2 4 |  4.0
Shields        | 2 4 7 10 11 13 14 15 | 15.0
Dodging        | 2 4 5 7 8 9 10 11 12 | 12.0
Fire Magic     | 2 5 7 8 9 10 11 12 13 14 15 16 17 18 20 | 20.8
Conjurations   | 5 10 11 12 | 12.0
Ice Magic      | 3 7 12 | 12.8
Necromancy     | 3 6 11 | 11.0
Stealth        | |  2.1

Action                   |  1- 3 |  4- 6 |  7- 9 | 10-12 | 13-15 | 16-18 | 19-21 | 22-24 | 25-27 || total
-------------------------+-------+-------+-------+-------+-------+-------+-------+-------+-------++-------
Melee: Unarmed           |    16 |       |       |       |       |       |       |       |       ||    16
       Short sword       |   131 |   130 |   164 |    64 |       |       |       |       |       ||   489
       Dagger            |       |       |       |   223 |       |       |       |       |       ||   223
       Flail             |       |       |       |   181 |   400 |   301 |   275 |   161 |     1 ||  1319
       Staff             |       |       |       |       |       |       |       |       |   571 ||   571
 Cast: Sandblast         |    11 |    38 |    83 |    56 |    31 |    21 |     9 |       |     3 ||   252
       Stone Arrow       |       |       |    58 |   225 |   266 |   233 |    79 |     4 |     3 ||   868
       Lee's Rapid Decon |       |       |       |   103 |   139 |   237 |   161 |   223 |   227 ||  1090
       Iron Shot         |       |       |       |       |     2 |   175 |    43 |    95 |    56 ||   371
       Fireball          |       |       |       |       |       |     7 |   212 |    91 |   257 ||   567
       Ignition          |       |       |       |       |       |       |   106 |    68 |   153 ||   327
       Shatter           |       |       |       |       |       |       |       |       |   214 ||   214
 Abil: Fly               |       |       |       |       |       |     1 |       |       |       ||     1
Evoke: Wand              |       |       |       |       |     4 |       |       |       |       ||     4
  Use: Scroll            |       |     5 |     6 |    11 |     9 |    14 |     9 |     4 |    22 ||    80
       Potion            |       |       |       |       |     6 |     4 |     3 |     7 |    16 ||    36
 Stab: Sleeping          |     3 |     6 |     2 |     2 |       |     1 |       |       |       ||    14
Armor: Robe              |    55 |    61 |   116 |   141 |       |   138 |   363 |   141 |   826 ||  1841
       Troll leather arm |       |       |       |   120 |   255 |    57 |       |       |       ||   432
Dodge: Dodged            |   103 |   125 |   152 |   542 |   696 |   510 |   534 |   234 |   347 ||  3243
Block: Buckler           |       |       |       |   127 |   158 |   134 |   188 |   144 |     6 ||   757
       Kite shield       |       |       |       |       |       |       |       |       |  1619 ||  1619

Table legend: (Time is in decaauts)
 A = Elapsed time spent in this place.
 B = Non-inter-level travel time spent in this place.
 C = Inter-level travel time spent in this place.
 D = Time resting spent in this place.
 E = Time spent auto-exploring this place.
 F = Levels seen in this place.
 G = Mean time per level.
                   A        B        C        D        E       F      G
               +--------+--------+--------+--------+--------+-----+--------+
         Total |  96558 |  90666 |   5892 |  10544 |  63633 |  59 | 1636.6 |
       Dungeon |  24350 |  22297 |   2053 |   1363 |  17159 |  15 | 1623.3 |
        Temple |     89 |     62 |     27 |      0 |     54 |   1 |   89.0 |
          Lair |  12572 |  11533 |   1039 |   1288 |   8079 |   6 | 2095.3 |
        Shoals |   5795 |   5655 |    140 |    868 |   4013 |   4 | 1448.8 |
   Spider Nest |   6145 |   5737 |    408 |   1114 |   3310 |   4 | 1536.2 |
    Slime Pits |   4601 |   4116 |    485 |   1228 |   2353 |   5 |  920.2 |
  Orcish Mines |   2879 |   2627 |    252 |      7 |   1915 |   2 | 1439.5 |
   Elven Halls |   9722 |   9447 |    275 |    787 |   6969 |   3 | 3240.7 |
        Vaults |  11110 |  10694 |    416 |   1225 |   7429 |   5 | 2222.0 |
         Crypt |   6558 |   6336 |    222 |    585 |   4749 |   3 | 2186.0 |
        Depths |  10477 |   9906 |    571 |   1965 |   6330 |   5 | 2095.4 |
         Abyss |    484 |    484 |      0 |      0 |    140 |   4 |  121.0 |
        Bailey |    674 |    674 |      0 |      0 |    435 |   1 |  674.0 |
       Volcano |   1096 |   1096 |      0 |    114 |    697 |   1 | 1096.0 |
               +--------+--------+--------+--------+--------+-----+--------+

Top non-repeatable levels by time:
   Elf:2: 3801 daAuts
   Elf:3: 3462 daAuts
Depths:3: 3001 daAuts
 Crypt:3: 2918 daAuts
Vaults:2: 2878 daAuts
Depths:1: 2826 daAuts
Vaults:5: 2813 daAuts
     D:8: 2734 daAuts
Vaults:4: 2705 daAuts
  Lair:6: 2636 daAuts
    D:10: 2548 daAuts
   Elf:1: 2459 daAuts
  Lair:2: 2350 daAuts
  Lair:1: 2345 daAuts
    D:13: 2337 daAuts
